Description

1234532524234

Replay - 2cyclone Medevac drop

Build Order

Get SALT Encoding   

  12  0:01  SCV  
  13  0:13  SCV  
  14  0:17  Supply Depot  
  14  0:25  SCV  
  14  0:28  Refinery  
  15  0:39  SCV  
  16  0:45  Barracks  
  16  0:51  SCV  
  17  0:59  Refinery  
  17  1:03  SCV  
  18  1:15  SCV  
  20  1:32  Reaper, Orbital Command  
  20  1:36  Factory  
  20  1:50  Supply Depot  
  20  1:58  SCV  
  21  2:04  Reaper  
  22  2:10  SCV  
  23  2:19  Cyclone  
  23  2:22  Starport  
  26  2:26  SCV  
  27  2:30  Supply Depot  
  28  2:52  Cyclone  
  32  2:59  Medivac  
  32  3:05  Supply Depot  
  36  3:31  Command Center  
  37  3:37  Cyclone  
  40  3:44  Barracks Reactor  
  40  3:47  Starport Reactor  
  43  4:10  Factory Tech Lab  
  44  4:29  Marine x2  
  44  4:30  Siege Tank  
  46  4:37  Supply Depot  
  48  4:47  Orbital Command, Marine x2  
  50  4:55  Barracks  
  50  4:57  Starport Reactor  
  51  5:05  Siege Tank  
  54  5:12  Barracks  
  55  5:15  Barracks Tech Lab  
  57  5:42  Marine x2  
  58  5:43  Siege Tank  
  58  5:44  Stimpack  
  64  5:50  Marine  
  64  5:53  Refinery  
  64  5:56  Medivac, Engineering Bay  
  69  5:59  Refinery  
  69  6:01  Marine  
  70  6:16  Marine x2  
  75  6:19  Siege Tank  
  78  6:30  Medivac  
  85  6:40  Medivac  
  93  7:00  Command Center  
  94  7:08  Siege Tank  
  98  7:24  Barracks x2  
  103  7:40  Siege Tank  
Spawning Tool Build Advisor. Get it on Overwolf

Go to:

Details

  • Created by: TwitchTOOS
  • Published on: Jul 21, 2018
  • Modified on: Jul 21, 2018
  • Patch: 4.0.0
Show
View Real Time Build Order
Export as new Build Order

Comments (0)

There are no comments. Be the first!

Create an account to comment!